 Dungeon Crawl Stone Soup version 0.29.0-4-gdea44cf6ec (webtiles) character file.

Game seed: 11080145068897061247

213 qw the Chopper (level 5, -4/46 HPs)
             Began as a Minotaur Fighter on Sept 6, 2022.
             Slain by Sigmund
             ... wielding a +0 scythe of flaming
              (8 damage)
             ... on level 4 of the Dungeon.
             The game lasted 00:01:26 (3461 turns).

qw the Chopper (Minotaur Fighter)                   Turns: 3461, Time: 00:01:26

Health: -4/46      AC: 11    Str: 22    XL:     5   Next: 59%
Magic:  0/4        EV: 10    Int:  5    God:
Gold:   227        SH:  4    Dex: 10    Spells: 4/4 levels left

rFire   . . .      SeeInvis .   Y - +3 war axe
rCold   . . .      Faith    .   c - +0 buckler
rNeg    . . .      Spirit   +   e - +0 plate armour
rPois   .          Reflect  .   (helmet restricted)
rElec   .          Harm     .   (no cloak)
rCorr   .          Rampage  .   (no gloves)
Will    .....                   (no boots)
Stlth   ..........              b - amulet of guardian spirit
HPRegen 0.15/turn               g - +4 ring of evasion
MPRegen 0.09/turn               (no ring)

@: no status effects
A: horns 2, retaliatory headbutt
a: no special abilities


You were on level 4 of the Dungeon.
You visited 1 branch of the dungeon, and saw 4 of its levels.
You also visited: Sewer.

You collected 227 gold pieces.


Innate Abilities, Weirdness & Mutations

You have a pair of horns on your head.
You reflexively headbutt those who attack you in melee.


   Skills:
 + Level 3.6 Fighting
 - Level 7.0 Axes
 - Level 3.6 Armour
 - Level 1.0 Dodging
 - Level 3.6 Shields


You had 4 spell levels left.
You didn't know any spells.
Your spell library was empty.

Inventory:

Hand Weapons
 a - a +0 whip
 Y - a +3 war axe (weapon)
Armour
 c - a +0 buckler (worn)
 e - a +0 plate armour (worn)
Jewellery
 b - an amulet of guardian spirit (around neck)
 g - a +4 ring of evasion (left hand)
 n - an amulet of regeneration
Scrolls
 f - a scroll of identify {unknown}
Potions
 d - 2 potions of might
 h - a potion of ambrosia {unknown}
 i - a potion of flight {unknown}
 j - a potion of heal wounds {unknown}
 k - a potion of curing {unknown}
 l - a potion of degeneration {unknown}
 m - a potion of cancellation {unknown}

Dungeon Overview and Level Annotations

Branches:
Dungeon (4/15)              Sewer (visited)
 Temple: D:4-7

Altars:
Qazlal

Annotations:
D:4 Sigmund


Message History

You swing at nothing.
A puff of flame appears from out of thin air!
The puff of flame hits you but does no damage.
You swing at nothing.
You swing at nothing.
Something hits you but does no damage.
You swing at nothing.
Something hits you! Something burns you.
You swing at nothing.
You swing at nothing.
Something hits you. Something burns you.
You swing at nothing.
Something hits you. Something burns you.
You swing at nothing.
Something hits you! Something burns you.
You swing at nothing.
Something hits you. Something burns you.
You swing at nothing.
You swing at nothing.
Something hits you but does no damage.
You swing at nothing.
Something hits you. Something burns you.
You swing at nothing.
Something hits you. Something burns you.
You swing at nothing.
You swing at nothing.
You block something's attack.
You swing at nothing.
You hear some strange, mumbled words.
A puff of flame appears from out of thin air!
The puff of flame hits you.
You swing at nothing.
You hear some strange, mumbled words.
A puff of flame appears from out of thin air!
The puff of flame hits you.
You swing at nothing.
Something hits you but does no damage.
You swing at nothing.
Something hits you!
You die...

..###.#.##
#.##.#
..###.#.#
#.##.#
...##.#.#
#.##.#
...##.#.#
##.##.#
...##.#.#
###..##.#
...##.#.#
#.....#.#
...##.#.#
##..~.~~.#
...##.#
##....~...###
#+##
..~~~{.@....#
###.....#####
........#
#########


There were no monsters in sight!

Vanquished Creatures
  Pargi (Sewer)
  2 adders
  2 river rats (D:3)
  4 worms
  3 dart slugs
  3 orcs (D:4)
  9 ball pythons
  5 bats
  5 endoplasms
  3 giant cockroaches
  4 goblins
  4 hobgoblins
  A quokka (D:3)
  9 frilled lizards
  7 kobolds
  3 rats
65 creatures vanquished.

Notes
Turn   | Place    | Note
-------+----------+-------------------------------------------
     0 | D:1      | qw the Minotaur Fighter began the quest for the Orb.
     0 | D:1      | Reached XP level 1. HP: 19/19 MP: 0/0
     0 | D:1      | 0 ||| qw: Version: 0.1-a-108-g9e35731
     0 | D:1      | 0 ||| qw: Game counter: 6215
     0 | D:1      | 0 ||| qw: Always use a shield: true
     0 | D:1      | 0 ||| qw: God list: Ru
     0 | D:1      | 0 ||| qw: Allow faded altars: false
     0 | D:1      | 0 ||| qw: Do Orc after D:15 true
     0 | D:1      | 0 ||| qw: Do second Lair branch before Depths: true
     0 | D:1      | 0 ||| qw: Lair rune preference: random
     0 | D:1      | 0 ||| qw: Plans: Normal
     0 | D:1      | 0 ||| PLANNING D:1-11
   265 | D:1      | Reached skill level 3 in Axes
   416 | D:1      | Reached XP level 2. HP: 26/26 MP: 1/1
   808 | D:1      | 808 ||| READING scroll labelled UVVUHAP ITZOETS.
   809 | D:1      | 809 ||| READING scroll labelled KUOFOTEHON.
   814 | D:1      | 814 ||| READING scroll labelled BEINESMOGO.
   815 | D:1      | 815 ||| READING scroll labelled DYRHUY FERU.
   825 | D:2      | Found a faded altar of an unknown god.
   960 | D:2      | Reached skill level 4 in Axes
  1034 | D:2      | Reached XP level 3. HP: 23/31 MP: 2/2
  1379 | D:2      | 1379 ||| UPGRADING to +0 plate armour.
  1389 | D:2      | 1389 ||| DROPPING +0 scale mail.
  1390 | D:2      | 1390 ||| UPGRADING to +4 ring of evasion.
  1391 | D:2      | 1391 ||| READING 2 scrolls labelled CIUFARAELO.
  1392 | D:2      | 1392 ||| DROPPING scroll of fear.
  1393 | D:2      | 1393 ||| Stepping randomly (stuck).
  1395 | D:2      | 1395 ||| Stepping randomly (stuck).
  1397 | D:2      | 1397 ||| Stepping randomly (stuck).
  1399 | D:2      | 1399 ||| Stepping randomly (stuck).
  1400 | D:2      | 1400 ||| Stepping randomly (stuck).
  1401 | D:2      | 1401 ||| Stepping randomly (stuck).
  1402 | D:2      | 1402 ||| Stepping randomly (stuck).
  1403 | D:2      | 1403 ||| Stepping randomly (stuck).
  1404 | D:2      | 1404 ||| Stepping randomly (stuck).
  1405 | D:2      | 1405 ||| Stepping randomly (stuck).
  1406 | D:2      | 1406 ||| Stepping randomly (stuck).
  1407 | D:2      | 1407 ||| Stepping randomly (stuck).
  1408 | D:2      | 1408 ||| Stepping randomly (stuck).
  1409 | D:2      | 1409 ||| Stepping randomly (stuck).
  1656 | D:2      | 1656 ||| READING scroll labelled KAIKKUSYTH.
  1665 | D:3      | 1665 ||| PLANNING SEWER
  1688 | D:3      | 1688 ||| Stepping ~*~*~tactically~*~*~ (hiding).
  1689 | D:3      | 1689 ||| Stepping ~*~*~tactically~*~*~ (hiding).
  1785 | D:3      | Found a glowing drain.
  1793 | D:3      | Reached skill level 5 in Axes
  1797 | D:3      | Reached XP level 4. HP: 24/39 MP: 3/3
  1799 | D:3      | HP: 8/39 [worm (6)]
  1800 | D:3      | 1800 ||| READING scroll of teleportation.
  2037 | D:3      | 2037 ||| UPGRADING to amulet of guardian spirit.
  2187 | D:3      | Noticed an air elemental
  2189 | D:3      | Found a stormy altar of Qazlal.
  2190 | D:3      | 2190 ||| READING scroll labelled GUCKIY SAOG.
  2193 | D:3      | Noticed a fire elemental
  2193 | D:3      | Noticed a water elemental
  2193 | D:3      | Noticed an earth elemental
  2220 | Sewer    | Entered a sewer
  2265 | Sewer    | 2265 ||| Stepping ~*~*~tactically~*~*~ (water).
  2286 | Sewer    | 2286 ||| READING scroll of enchant weapon.
  2286 | Sewer    | 2286 ||| ENCHANTING +1 war axe.
  2295 | Sewer    | 2295 ||| READING scroll of enchant weapon.
  2295 | Sewer    | 2295 ||| ENCHANTING +2 war axe.
  2315 | Sewer    | Noticed Pargi
  2318 | Sewer    | 2318 ||| Stepping ~*~*~tactically~*~*~ (stealth).
  2323 | Sewer    | Killed Pargi
  2324 | Sewer    | Reached skill level 6 in Axes
  2324 | Sewer    | Reached XP level 5. HP: 41/45 MP: 2/4
  2389 | Sewer    | 2389 ||| READING 2 scrolls labelled TEFUOXT VIERU.
  2390 | Sewer    | 2390 ||| DROPPING scroll of magic mapping.
  2410 | D:3      | 2410 ||| PLANNING D:1-11
  2719 | D:3      | 2719 ||| READING scroll labelled SOIL TYKHLAE.
  2791 | D:4      | 2791 ||| Stepping ~*~*~tactically~*~*~ (stealth).
  2795 | D:4      | 2795 ||| Stepping ~*~*~tactically~*~*~ (stealth).
  2808 | D:4      | Reached skill level 1 in Dodging
  2836 | D:4      | 2836 ||| DROPPING +0 club.
  3111 | D:4      | 3111 ||| Stepping ~*~*~tactically~*~*~ (stealth).
  3115 | D:4      | 3115 ||| Stepping ~*~*~tactically~*~*~ (stealth).
  3194 | D:4      | Reached skill level 7 in Axes
  3438 | D:4      | Noticed Sigmund
  3454 | D:4      | HP: 10/46 [something (3)]
  3459 | D:4      | HP: 3/46 [something/puff of flame (4)]
  3461 | D:4      | Slain by Sigmund

Levels and vault maps discovered:
D:1:      nagdon_arrival_double_spiral, layout_basic, minmay_misc_feat_room
D:2:      layout_basic, serial_co_window_serial, co_window_of_opportunity_a,
          co_window_corner_a, co_window_of_opportunity_a, co_window_paths_b,
          co_window_cross_1, co_window_broadway_c, co_window_corner_b,
          co_window_unsneaky_path_e, co_window_2corner, co_window_paths_e,
          co_window_paths_d, glass_columns_a, glass_columns_a, glass_columns_b,
          glass_columns_a, nicolae_ecumenical_oubliette
D:3:      layout_loops_ring, nicolae_qazlal_style_of_elements,
          portal_sewer_entry_a
D:4:      layout_basic, chequers_serial_rivers_micro_c,
          kennysheep_generic_room_7, uniq_sigmund

Skill      XL: |  1  2  3  4  5 |
---------------+----------------+-----
Axes           | 3 4 5 6 7 |  7.0
Dodging        | 1 |  1.0
Fighting       | |  3.6
Armour         | |  3.6
Shields        | |  3.6

Action                   |  1- 3 |  4- 6 || total
-------------------------+-------+-------++-------
Melee: War axe           |    71 |    64 ||   135
       Headbutt          |    13 |     4 ||    17
  Use: Scroll            |     6 |     6 ||    12
Armor: Scale mail        |    18 |       ||    18
       Plate armour      |    11 |    29 ||    40
Dodge: Dodged            |    27 |    29 ||    56
Block: Buckler           |    12 |    18 ||    30

Table legend:
 A = Non-vault XP
 B = Vault XP
 C = Vault XP percentage of total XP
 D = Non-vault monster count
 E = Vault monster count
 F = Vault count percentage of total count
                 A         B        C        D         E       F
            +---------+---------+-------+---------+---------+-------
      Total |     116 |     189 |  62.0 |      50 |      15 |  23.1
            +---------+---------+-------+---------+---------+-------
        D:1 |      20 |       0 |   0.0 |      13 |       0 |   0.0
        D:2 |      29 |       0 |   0.0 |       8 |       0 |   0.0
        D:3 |      32 |      37 |  53.6 |      18 |       5 |  21.7
        D:4 |      35 |       5 |  12.5 |      11 |       1 |   8.3
      Sewer |       0 |     147 | 100.0 |       0 |       9 | 100.0
            +---------+---------+-------+---------+---------+-------
